AoeStats
← Oldspice

Lombardia

510207059Analyzed
2v2 RM · 2d ago on Sep 29, 2026· 27m 37s· 4 players
Game mode
Random Map
Map size
Medium (4 player)
Population
200
Speed
Normal
Resources
Standard
Victory
Conquest
Starting age
Dark Age
Ending age
Imperial Age
RankedLock teamsTeams togetherTeam positionsShared explorationLock speedFull tech treeHidden civsTurbo modeCheats
Victory
Defeat
🇨🇦 Aztecs · Canada
1559
+6
🇺🇸 Tatars · United States
1497
+8
🇨🇦 Persians · Canada
1367
-8
🇺🇸 Byzantines · United States
1267
-6
Oldspice
10:08 Feudal Age
8:34 Loom
10:58 Double-Bit Axe
11:19 Horse Collar
11:59 Scale Barding Armor
15:25 Forging
17:26 Bloodlines
26:24 Castle Age
26:50 Gold Mining
27:33 Chain Barding Armor
27:48 Iron Casting
IVIUSTANG
6:57 Loom
10:57 Feudal Age
11:18 Man-at-Arms
11:53 Arson
14:50 Scale Mail Armor
17:15 Forging
17:08 Double-Bit Axe
19:11 Wheelbarrow
21:06 Gold Mining
23:51 Castle Age
22:04 Horse Collar
23:54 Eagle Warrior
24:35 Squires
24:51 Chain Mail Armor
25:17 Iron Casting
garretc16
7:28 Loom
9:59 Feudal Age
10:59 Double-Bit Axe
14:23 Horse Collar
19:18 Forging
25:43 Castle Age
28:04 Bow Saw
27:55 Heavy Plow
PeacefulFarmer
5:09 Loom
10:03 Feudal Age
13:42 Double-Bit Axe
13:58 Fletching
16:06 Horse Collar
22:54 Castle Age
22:24 Padded Archer Armor
22:24 Gold Mining
23:06 Crossbowman
23:49 Bodkin Arrow
24:35 Bow Saw
24:26 Heavy Plow
26:01 Wheelbarrow
Connection lost

Rejoining the realm…

Still unreachable

The connection could not be restored.

Session expired

The server has moved on; the page needs a fresh start.